Cogmind - Beta 16 @@@ ROGUE MODE // 2025.12.08 @ 05:35:28 Player: Scringis Result: Destroyed by B-75 Beast with Magnetic Acceleration Cannon Performance ------------- Evolutions (4) 2000 Regions Visited (12) 2400 Robots Destroyed (186) 930 Value Destroyed (6041) 6041 Prototype IDs (21) 420 Alien Tech Used (0) 0 Bonus (1244) 1244 TOTAL SCORE: 13035 Bonus ------- High Alert Combat Kills 77 Follower Combat Kills 302 Met Data Miner 300 Met Imprinter 300 Was Imprinted 300 Friendly Fire -35 Cogmind --------- Core Integrity 0/850 Matter 278/300 Energy 97/100 System Corruption 0% Temperature Cool (12) Movement Core (300) Ox5 Location -5/Proximity Caves Parts ------- > --- POWER (1) -------- (None) > --- PROPULSION (3) --- (None) > --- UTILITY (8) ------ Medium Storage Unit Advanced Weight Redist. System Improved Melee Analysis Suite > --- WEAPON (3) ------- Magnetic Acceleration Cannon > --- INVENTORY (10) --- System Restoration Module Improved System Restoration Module Precision Beam Rifle Peak State ------------ > --- POWER ------------ Neutrino Core > --- PROPULSION ------- Wheel Armored Huge Wheel > --- UTILITY ---------- High-capacity Storage Unit Core Analyzer Improved Heavy Armor Plating Improved Heavy Armor Plating Improved Hacking Suite System Restoration Module > --- WEAPON ----------- Shock Maul Ripper Spear > --- INVENTORY -------- Angular Momentum Engine Light Antimatter Reactor Wheel Advanced Weight Redist. System Improved Melee Analysis Suite Microactuators Force Booster Improved Medium Armor Plating Improved Medium Armor Plating Thermal Shield System Restoration Module Improved System Restoration Module Hacking Drone Bay Precision Beam Rifle Precision Beam Rifle Heavy Rocket Launcher [Rating: 70] Favorites ----------- Power Improved Deuterium Engine Engine Improved Deuterium Engine Power Core Light Nuclear Core Reactor Light Antimatter Reactor Propulsion Wheel Treads Light Treads Leg Aluminum Leg Wheel Wheel Hover Unit Aerolev Unit Flight Unit Improved Flight Unit Utility Hacking Suite Device Force Booster Storage High-capacity Storage Unit Processor Core Analyzer Hackware Hacking Suite Protection Improved Medium Armor Plating Weapon Precision Beam Rifle Energy Gun Precision Beam Rifle Ballistic Gun Enhanced Autogun Ballistic Cannon Magnetic Acceleration Cannon Launcher Missile Launcher Impact Weapon Shock Maul Slashing Weapon Ripper Piercing Weapon Spear Build | -11 -10 -9 -8 -7 -7 -7 -6 -6 -6 -6 -6 -5 ------- Run | Yrd Mat Mat Mat Fac Low Zio Pro Fac Low Low Dat Pro Slots Evolved 8 | . . 2 2 2 . . . 2 . . . . Power . | . . . . . . . . . . . . . Propulsion 1 | . . . 1 . . . . . . . . . Utility 6 | . . 1 1 2 . . . 2 . . . . Weapon 1 | . . 1 . . . . . . . . . . Parts Attached 130 | 5 3 31 33 16 2 1 6 17 4 7 . 5 Power 17 | 1 . 2 4 3 1 . 1 2 1 1 . 1 Engine 10 | 1 . 1 2 2 1 . 1 . . 1 . 1 Core 6 | . . 1 2 1 . . . 1 1 . . . Reactor 1 | . . . . . . . . 1 . . . . Propulsion 31 | 1 1 11 9 6 . . 1 1 . 1 . . Treads 3 | . . 3 . . . . . . . . . . Leg 4 | . . . 2 2 . . . . . . . . Wheel 20 | 1 1 7 4 4 . . 1 1 . 1 . . Hover 3 | . . . 3 . . . . . . . . . Flight 1 | . . 1 . . . . . . . . . . Utility 50 | 1 2 8 12 5 . . 2 9 3 5 . 3 Device 12 | . . . 2 1 . . . 4 2 1 . 2 Storage 5 | 1 2 1 . . . . . . . . . 1 Processor 4 | . . . 1 1 . . . 1 . 1 . . Hackware 7 | . . 1 2 2 . . . 2 . . . . Protection 22 | . . 6 7 1 . . 2 2 1 3 . . Artifact . | . . . . . . . . . . . . . Weapon 32 | 2 . 10 8 2 1 1 2 5 . . . 1 Energy Gun 7 | . . . 5 1 . 1 . . . . . . Energy Cannon . | . . . . . . . . . . . . . Ballistic Gun 12 | 2 . 9 1 . . . . . . . . . Ballistic Cannon 1 | . . . . . . . . . . . . 1 Launcher 4 | . . . . . 1 . 1 2 . . . . Special Weapon . | . . . . . . . . . . . . . Impact Weapon 1 | . . . . . . . . 1 . . . . Slashing Weapon 6 | . . 1 2 1 . . 1 1 . . . . Piercing Weapon 1 | . . . . . . . . 1 . . . . Special Melee Weapon . | . . . . . . . . . . . . . Unidentified Prototypes 10 | . . 2 5 1 . . . 2 . . . . Parts Lost 61 | . . 9 12 2 . . 7 6 1 10 . 14 Power 9 | . . 1 3 . . . . 1 . 2 . 2 Propulsion 13 | . . 5 3 1 . . 1 . . 3 . . Utility 26 | . . . 5 1 . . 3 5 . 5 . 7 Weapon 13 | . . 3 1 . . . 3 . 1 . . 5 Highest Loss Streak 9 | . . 2 3 1 . . 5 3 4 9 . 6 To Critical Strikes . | . . . . . . . . . . . . . Average Backups 11 | 2 6 8 9 14 17 18 18 13 14 15 11 5 Power . | . 1 1 . . . . . 1 . 1 1 . Propulsion . | 1 2 2 . . 1 1 . . 1 . . . Utility 6 | . . 1 3 8 12 13 13 9 9 10 7 4 Weapon 3 | . 1 3 4 5 4 4 3 1 3 3 3 1 Tool/Special . | . . . . . . . . . . . . . Unused Backups 28 | . . 8 3 8 . 2 2 2 . . . 3 Power 1 | . . . . 1 . . . . . . . . Propulsion 8 | . . 4 . 4 . . . . . . . . Utility 14 | . . 2 1 3 . 1 2 2 . . . 3 Weapon 5 | . . 2 2 . . 1 . . . . . . Tool/Special . | . . . . . . . . . . . . . Average Slot Usage (%) 79 | . 80 94 91 81 80 84 73 81 78 76 60 64 Engine 5 | . 14 6 2 3 7 7 7 5 . . 6 5 Core 2 | . . 4 5 3 . . . . 1 4 . . Wheel 10 | . 23 16 21 9 7 7 6 10 13 10 . . Device 6 | . . . 4 . . . . 14 6 6 6 24 Storage 7 | . 14 11 9 7 7 7 7 6 6 6 6 6 Processor 4 | . . . 1 1 . . . 5 6 7 13 12 Hackware 10 | . . . 3 24 30 30 25 12 6 6 6 . Protection 8 | . . 19 14 6 7 7 8 4 13 10 . . Energy Gun 4 | . . . 7 6 7 7 3 5 . . . 5 Ballistic Gun 5 | . 28 27 8 . . . . . . . . . Launcher 1 | . . . . . 3 7 4 . 2 . . . Impact Weapon 1 | . . . . . . . . 3 4 5 6 . Slashing Weapon 6 | . . 4 10 9 7 7 6 6 4 5 6 5 Piercing Weapon 1 | . . . . . . . . 3 6 6 6 . Peak Build Rating 70 | 5 7 25 39 45 47 48 48 66 70 70 42 42 Average Rating 38 | 3 6 14 28 38 44 47 43 56 67 60 42 41 On Entrance 34 | . 5 7 25 28 43 46 48 37 59 70 42 42 Avg Prop Armor Cover (%) 3 | . . 3 3 5 . . . . . . . . Naked Turns . | . . . . . . . . . . . . . Heaviest Build 95 | 13 48 65 72 62 68 68 84 95 93 93 66 69 Greatest Support 44 | 10 26 40 36 44 28 28 28 38 38 38 3 3 Greatest Overweight (x) 23 | 1 4 6 19 3 2 2 2 3 2 23 21 22 Average Overweight (x) 2 | . 1 2 1 1 2 2 2 1 2 3 21 20 Largest Inventory Capacity 20 | 8 20 20 20 20 20 20 20 20 20 20 20 20 Average Capacity 19 | 7 16 20 20 20 20 20 20 20 20 20 20 19 Most Carried 20 | 5 11 15 14 20 20 20 20 18 16 17 11 11 Average Carried 12 | 2 6 8 9 15 18 19 18 13 14 15 11 5 Final Capacity 20 | 8 20 20 20 20 20 20 20 20 20 20 20 10 Final Carried 20 | 4 11 12 8 19 19 20 17 17 16 11 11 3 Class Distribution -------------------- 41% | Mutant 34% | Hacker-Mutant 7% | Gladiator 6% | Hacker-Gladiator 5% | Scavenger-Tank 3% | Scavenger-Mutant Dominant Class ---------------- Mutant | -10/Materials Scavenger-Tank | -9/Materials Mutant | -8/Materials Hacker-Mutant | -7/Factory Hacker-Mutant | -7/Lower Caves Hacker-Mutant | -7/Zion Hacker-Mutant | -6/Proximity Caves Hacker-Gladiator | -6/Factory Mutant | -6/Lower Caves Mutant | -6/Lower Caves Gladiator | -6/Data Miner Mutant | -5/Proximity Caves Resources | -11 -10 -9 -8 -7 -7 -7 -6 -6 -6 -6 -6 -5 ----------- Run | Yrd Mat Mat Mat Fac Low Zio Pro Fac Low Low Dat Pro Matter Collected 2694 | 186 193 740 446 198 85 30 223 175 271 83 . 64 Remotely . | . . . . . . . . . . . . . Salvage Created 7894 | . 275 1943 2363 1259 65 . 327 595 324 591 . 152 Parts 456 | . 22 122 133 71 1 . 12 38 11 33 . 13 Haulers Intercepted 11 | . 1 2 5 2 . . . 1 . . . . Recyclers Shooed 2 | . . . 1 . . . . 1 . . . . Parts Field Recycled . | . . . . . . . . . . . . . Retrieved Matter . | . . . . . . . . . . . . . Parts Self-Destructed 53 | . . . . . . . 22 . 6 15 . 10 Prevented 4 | . . . . . . . 2 . . 2 . . Parts Restored . | . . . . . . . . . . . . . Kills | -11 -10 -9 -8 -7 -7 -7 -6 -6 -6 -6 -6 -5 ------- Run | Yrd Mat Mat Mat Fac Low Zio Pro Fac Low Low Dat Pro Combat Hostiles Destroyed 142 | . 8 35 33 17 2 . 8 14 7 11 . 7 Melee 85 | . . 9 30 17 . . 4 13 3 8 . 1 Guns 40 | . 8 26 3 . . . . . . . . 3 AOE 16 | . . . . . 2 . 4 1 3 3 . 3 Classes Destroyed 18 | . 5 4 4 1 . . . 1 . 2 . 1 Worker 12 | . 2 2 7 1 . . . . . . . . Builder 3 | . . . 2 . . . . 1 . . . . Hauler 11 | . 1 2 5 2 . . . 1 . . . . Recycler 9 | . . 3 3 3 . . . . . . . . Mechanic 1 | . . 1 . . . . . . . . . . Operator 6 | . 1 2 2 1 . . . . . . . . Drone 2 | . . . . . . . . . . . . 2 Watcher 2 | . . . 2 . . . . . . . . . Swarmer 27 | . 6 3 2 . . . . 8 3 . . 5 Grunt 67 | . 2 20 19 10 2 . 5 3 3 3 . . Brawler 2 | . . . 1 . . . 1 . . . . . Duelist 7 | . . 3 1 . . . 2 . 1 . . . Sentry 22 | . . 9 8 3 . . . 1 . 1 . . Hunter 2 | . . . 2 . . . . . . . . . Programmer 6 | . . . . 4 . . . 1 . 1 . . Heavy 1 | . . . . . . . . 1 . . . . Decomposer 3 | . . . . . . . . . 3 . . . Packrat 1 | . . . . . . . . . 1 . . . Samaritan 2 | . . . . . . . . . . 1 . 1 Thief 2 | . . . . . . . . . . 2 . . Thug 4 | . . . . . . . . . . 4 . . Best Kill Streak 7 | . 3 7 6 3 2 . 4 3 5 3 . 5 Combat Bots Only 7 | . 3 7 3 3 2 . 4 3 5 3 . 5 Max Kills in Single Turn 3 | . 1 2 1 1 1 . 2 2 2 2 . 3 Gunslinging 1 | . . 1 . . . . . . . . . . Exploded 3 | . . . . . 1 . 2 1 2 2 . 3 Melee 2 | . . 1 1 1 . . 1 2 1 1 . 1 Uniques/NPCs Destroyed . | . . . . . . . . . . . . . Combat | -11 -10 -9 -8 -7 -7 -7 -6 -6 -6 -6 -6 -5 -------- Run | Yrd Mat Mat Mat Fac Low Zio Pro Fac Low Low Dat Pro Hostile Shots Fired 927 | . 23 117 225 123 5 . 74 125 23 126 . 86 Missed 264 | . 7 32 62 34 2 . 24 42 6 29 . 26 Hits 663 | . 16 85 163 89 3 . 50 83 17 97 . 60 Melee 28 | . . 7 8 . . . 8 . . 5 . . Projectile 635 | . 16 78 155 89 3 . 42 83 17 92 . 60 AOE 1 | . . . 1 . . . . . . . . . Critical Strikes 33 | . 1 3 9 4 . . 2 1 1 11 . 1 Part Disruptions 2 | . . . 1 1 . . . . . . . . Damage Taken 10899 | . 136 1168 2434 1348 46 . 1153 1035 527 1897 . 1155 Core 1938 | . 52 209 245 274 . . 305 175 13 152 . 513 Absorbed by Shields 597 | . . . 133 . . . . 412 . . . 52 Ignored by Resistances 107 | . . . . . . . 47 25 . . . 35 Regen/Repaired (Parts) 100 | . . . . . . 100 . . . . . . Core Remaining (%) 59 | 100 79 47 55 . . . 17 . . . . . Volleys Fired 167 | . 26 77 12 3 7 1 9 4 4 2 . 22 Largest 3 | . 2 3 2 1 1 1 2 2 2 1 . 1 Hottest 116 | . 40 69 116 61 61 61 72 78 78 39 . 61 Shots Fired 358 | . 52 219 21 4 7 1 15 8 7 2 . 22 Gun 320 | . 52 219 21 4 2 1 . 2 . . . 19 Cannon 2 | . . . . . . . . . . . . 2 Launcher 36 | . . . . . 5 . 15 6 7 2 . 1 Special . | . . . . . . . . . . . . . Kinetic 289 | . 52 219 16 . . . . . . . . 2 Thermal 33 | . . . 5 4 2 1 . 2 . . . 19 Explosive 36 | . . . . . 5 . 15 6 7 2 . 1 Electromagnetic . | . . . . . . . . . . . . . Robot Hit Streak 19 | . 5 19 10 1 8 . 10 16 18 2 . 5 Robot Miss Streak 4 | . 4 4 3 2 . . 1 . 1 . . 1 Penetration Max . | . . . . . . . . . . . . . Secondary Targets 3 | . . 3 . . . . . . . . . . Max Gunslinging Chain 1 | . . 1 . . . . . . . . . . Shots Hit Robots 530 | . 27 169 144 40 7 . 23 53 13 36 . 18 Core Hits 273 | . 17 71 56 25 9 . 25 24 15 19 . 12 Critical Kills 2 | . . . . . . . . 1 . 1 . . Critical Parts Destroyed 2 | . 1 . . . . . . 1 . . . . Critical Strikes 37 | . 1 4 15 2 1 . 3 6 . 3 . 2 Burn 3 | . . . . . 1 . . . . . . 2 Destroy 1 | . 1 . . . . . . . . . . . Smash 3 | . . . . . . . . 2 . 1 . . Sever 28 | . . 4 15 2 . . 3 3 . 1 . . Impale 2 | . . . . . . . . 1 . 1 . . Melee Attacks 446 | . . 34 158 49 . 1 17 122 16 47 . 2 Impact 20 | . . . . . . . . 10 4 6 . . Slashing 343 | . . 34 158 49 . 1 17 60 9 14 . 1 Piercing 83 | . . . . . . . . 52 3 27 . 1 Sneak Attacks 49 | . . 6 23 7 . . . 5 4 2 . 2 Combat Hostiles 2 | . . . . 1 . . . . . . . 1 Follow-up Attacks 23 | . . . 2 1 . . . 10 2 8 . . Damage Inflicted 16936 | . 309 2688 5145 1754 579 . 1390 1895 991 1487 . 698 Guns 2425 | . 300 1610 211 17 32 . . 18 . . . 237 Cannons 32 | . . . . . . . . . . . . 32 Explosions 2696 | . . . . . 547 . 977 118 541 236 . 277 Melee 11736 | . . 1078 4918 1737 . . 391 1759 450 1251 . 152 Ramming 47 | . 9 . 16 . . . 22 . . . . . Kinetic 2083 | . 300 1610 141 . . . . . . . . 32 Thermal 374 | . . . 70 17 32 . . 18 . . . 237 Explosive 2696 | . . . . . 547 . 977 118 541 236 . 277 Electromagnetic . | . . . . . . . . . . . . . Impact 519 | . . . . . . . . 212 51 256 . . Slashing 9928 | . . 1078 4918 1737 . . 391 858 371 477 . 98 Piercing 1289 | . . . . . . . . 689 28 518 . 54 Highest Corruption 8 | . . . 2 3 1 1 5 8 8 1 . . Average Corruption 2 | . . . 2 2 1 1 5 1 4 1 . . Corruption Purged 12 | . . . . 3 . . . . 8 1 . . Corruption Blocked . | . . . . . . . . . . . . . Effects 43 | . . . 14 7 7 . 3 7 5 . . . Message Errors 11 | . . . 1 3 5 . . 1 1 . . . Matter Fused 12 | . . . 6 1 2 . 1 1 1 . . . Heat Flow Errors 3 | . . . . 1 . . 1 . 1 . . . Energy Discharges 5 | . . . 2 1 . . . 1 1 . . . Parts Rejected 2 | . . . 1 . . . . 1 . . . . Parts Fused 1 | . . . 1 . . . . . . . . . Data Loss (minor) 4 | . . . 1 . . . . 2 1 . . . Data Loss (major) 1 | . . . . . . . 1 . . . . . Misfires 2 | . . . . 1 . . . 1 . . . . Alerts 2 | . . . 2 . . . . . . . . . Overload Shots . | . . . . . . . . . . . . . Overflow Damage 1183 | . . 170 287 207 25 . 20 167 107 103 . 97 Projectiles . | . . . . . . . . . . . . . Explosions 63 | . . . . . 25 . 20 . 10 8 . . Melee 1120 | . . 170 287 207 . . . 167 97 95 . 97 Knockbacks 3 | . . . . . . . . 1 . 2 . . Impact 3 | . . . . . . . . 1 . 2 . . Kinetic . | . . . . . . . . . . . . . Secondary . | . . . . . . . . . . . . . Self-Inflicted Damage 561 | . 4 . 7 . . . 149 . 245 116 . 40 Shots 12 | . . . . . . . 4 . 5 2 . 1 Rammed 4 | . 1 . 2 . . . 1 . . . . . Targets Rammed 4 | . 1 . 2 . . . 1 . . . . . Kicked . | . . . . . . . . . . . . . Crushed . | . . . . . . . . . . . . . Highest Temperature 377 | . 6 152 60 101 20 10 164 16 377 23 . . Average Temperature 48 | . 6 45 22 21 8 7 34 7 156 9 . . Received Heat Transfer 3272 | . 12 414 1050 402 27 . 213 86 90 894 . 84 Siege Activations . | . . . . . . . . . . . . . Martial Activations . | . . . . . . . . . . . . . Shielding Activations . | . . . . . . . . . . . . . Robots Disrupted . | . . . . . . . . . . . . . Combat Hostiles . | . . . . . . . . . . . . . Robots Corrupted 2 | . . . . . . . . . 1 1 . . Combat Hostiles 2 | . . . . . . . . . 1 1 . . Parts Fried 1 | . . . . . . . . . 1 . . . Impact Corruptions 6 | . . . . . . . . 2 1 3 . . Robots Melted . | . . . . . . . . . . . . . Combat Hostiles . | . . . . . . . . . . . . . Parts Melted . | . . . . . . . . . . . . . Heat Transferred 1036 | . . . 148 37 148 . . 37 . . . 666 Parts Sabotaged . | . . . . . . . . . . . . . Parts Stolen 1 | . . . . . . . . . . 1 . . Parts Stripped . | . . . . . . . . . . . . . Power Chain Reactions . | . . . . . . . . . . . . . Alert | -11 -10 -9 -8 -7 -7 -7 -6 -6 -6 -6 -6 -5 ------- Run | Yrd Mat Mat Mat Fac Low Zio Pro Fac Low Low Dat Pro Maximum Alert Level 2 | . . 1 2 1 . . . . . . . . Low Security (%) 60 | 100 100 14 41 86 . . . 100 . . . . Level 1 32 | . . 85 28 13 . . . . . . . . Level 2 7 | . . . 29 . . . . . . . . . Level 3 . | . . . . . . . . . . . . . Level 4 . | . . . . . . . . . . . . . Level 5 . | . . . . . . . . . . . . . High Security . | . . . . . . . . . . . . . Max Security . | . . . . . . . . . . . . . Peak Influence 561 | . 65 372 561 246 . . . 116 . . . . Initial 246 | . . 12 143 246 . . . 4 . . . . Average 165 | . 21 260 271 89 . . . 34 . . . . Influence Increases 4447 | . 273 1036 1149 612 45 . 457 470 160 125 . 120 Destroy 0b10 Robot/C 2840 | . 160 700 660 340 40 . 320 280 140 100 . 100 Destroy 0b10 Robot/NC 240 | . 20 50 105 35 5 . . 10 . 5 . 10 Destroy Leader 626 | . 32 164 184 94 . . 30 72 20 20 . 10 Allied During Kill 62 | . . . . . . . 62 . . . . . Successful Hack 141 | . 31 42 5 63 . . . . . . . . Disable Machine 30 | . . 15 . 15 . . . . . . . . Destroy Structure 58 | . . 5 . 5 . . . 48 . . . . Lose Combat Pursuer 450 | . 30 60 195 60 . . 45 60 . . . . Influence Decreases 4447 | . 243 725 948 940 259 . 450 365 272 125 . 120 Entered New Map 637 | . . 18 198 296 80 . . 3 42 . . . Time Decay 3294 | . 243 627 620 628 179 . 250 312 220 125 . 90 Lost Part 376 | . . 80 120 16 . . 70 50 10 . . 30 Lost Ally 140 | . . . 10 . . . 130 . . . . . Squads Dispatched 27 | . 3 2 7 6 . . 1 8 . . . . Investigation 5 | . 1 . 4 . . . . . . . . . Extermination 7 | . . . . 4 . . . 3 . . . . Reinforcement 11 | . 2 2 2 2 . . . 3 . . . . Assault 4 | . . . 1 . . . 1 2 . . . . Garrison . | . . . . . . . . . . . . . Intercept . | . . . . . . . . . . . . . Searches Triggered . | . . . . . . . . . . . . . Construction Impeded 1 | . . . . . . . . 1 . . . . Haulers Reinforced . | . . . . . . . . . . . . . Active Scanning Responses . | . . . . . . . . . . . . . Cargo Convoy Interrupts 1 | . . . . . . . . 1 . . . . Stealth | -11 -10 -9 -8 -7 -7 -7 -6 -6 -6 -6 -6 -5 --------- Run | Yrd Mat Mat Mat Fac Low Zio Pro Fac Low Low Dat Pro Distress Signals 15 | . 3 6 4 1 . . . 1 . . . . Communications Jammed . | . . . . . . . . . . . . . Distress Signals . | . . . . . . . . . . . . . Times Spotted 240 | . 17 55 67 29 3 . 16 20 7 11 . 15 Peak Tracking Total 7 | . 4 6 5 5 3 . 7 4 4 4 . 6 Tactical Retreats 24 | . 2 3 11 1 . . 3 4 . . . . Traps | -11 -10 -9 -8 -7 -7 -7 -6 -6 -6 -6 -6 -5 ------- Run | Yrd Mat Mat Mat Fac Low Zio Pro Fac Low Low Dat Pro Traps Triggered 10 | . 1 2 2 5 . . . . . . . . Indirectly . | . . . . . . . . . . . . . Trap Hack Attempts . | . . . . . . . . . . . . . Triggered . | . . . . . . . . . . . . . Disarmed . | . . . . . . . . . . . . . Reprogrammed . | . . . . . . . . . . . . . Reused 1 | . . . . . . . 1 . . . . . Traps Extracted . | . . . . . . . . . . . . . Installed 1 | . . . . . . . 1 . . . . . Triggered 1 | . . . . . . . 1 . . . . . Most Traps Carried 1 | . . . . . . . 1 . . . . . Machines | -11 -10 -9 -8 -7 -7 -7 -6 -6 -6 -6 -6 -5 ---------- Run | Yrd Mat Mat Mat Fac Low Zio Pro Fac Low Low Dat Pro Machines Disabled 2 | . . 1 . 1 . . . . . . . . Max in Single Turn 1 | . . 1 . 1 . . . . . . . . Garrison Access 4 | . . . 1 1 . . . 2 . . . . Machines Repaired . | . . . . . . . . . . . . . Machines Dismantled . | . . . . . . . . . . . . . Machines Sabotaged . | . . . . . . . . . . . . . Overloaded Fab Kills . | . . . . . . . . . . . . . Hacking | -11 -10 -9 -8 -7 -7 -7 -6 -6 -6 -6 -6 -5 --------- Run | Yrd Mat Mat Mat Fac Low Zio Pro Fac Low Low Dat Pro Machines Accessed 41 | . 6 10 7 12 . . . 2 . . 4 . Terminals 29 | . 6 9 5 9 . . . . . . . . Fabricators 2 | . . . . 1 . . . 1 . . . . Repair Stations . | . . . . . . . . . . . . . Recycling Units . | . . . . . . . . . . . . . Scanalyzers 3 | . . 1 1 1 . . . . . . . . Garrison Access 3 | . . . 1 1 . . . 1 . . . . Total Hacks 124 | . 16 24 17 36 . . . 3 . . 28 . Successful 82 | . 6 17 8 22 . . . 1 . . 28 . Failed 40 | . 10 6 9 13 . . . 2 . . . . Catastrophic 4 | . 1 . 2 1 . . . . . . . . Database Lockouts 2 | . . 1 . 1 . . . . . . . . Manual 89 | . 16 21 13 30 . . . 9 . . . . Terminals 81 | . 16 21 13 31 . . . . . . . . Fabricators 4 | . . . . 2 . . . 2 . . . . Repair Stations . | . . . . . . . . . . . . . Recycling Units . | . . . . . . . . . . . . . Scanalyzers 8 | . . 3 3 2 . . . . . . . . Garrison Access 3 | . . . 1 1 . . . 1 . . . . Terminal Hacks 47 | . 3 7 . 9 . . . . . . 28 . Record 11 | . . . . . . . . . . . 11 . Part Schematic 10 | . . . . 1 . . . . . . 9 . Robot Schematic 5 | . . . . . . . . . . . 5 . Robot Analysis 4 | . . 2 . 2 . . . . . . . . Prototype ID Bank 3 | . . . . . . . . . . . 3 . Branch Access Points 1 | . . . . 1 . . . . . . . . Terminal Index 3 | . 1 1 . 1 . . . . . . . . Scanalyzer Index 1 | . . . . 1 . . . . . . . . Transport Status 1 | . . . . 1 . . . . . . . . Recall Investigation 2 | . 1 1 . . . . . . . . . . Recall Reinforcements 3 | . 1 2 . . . . . . . . . . Hauler Manifests 1 | . . . . 1 . . . . . . . . Registered Components 2 | . . 1 . 1 . . . . . . . . Fabricator Hacks 2 | . . . . 2 . . . . . . . . Network Status 1 | . . . . 1 . . . . . . . . Load Schematic 1 | . . . . 1 . . . . . . . . Repair Station Hacks . | . . . . . . . . . . . . . Recycling Unit Hacks . | . . . . . . . . . . . . . Scanalyzer 6 | . . 2 3 1 . . . . . . . . Retrieve Study 6 | . . 2 3 1 . . . . . . . . Garrison Access Hacks 3 | . . . 1 1 . . . 1 . . . . Seal Access 3 | . . . 1 1 . . . 1 . . . . Unauthorized Hacks 24 | . 3 8 4 9 . . . . . . . . Terminals 24 | . 3 8 4 9 . . . . . . . . Assimilate 2 | . . 1 . 1 . . . . . . . . Botnet 20 | . 3 6 3 8 . . . . . . . . Operators 2 | . . 1 1 . . . . . . . . . Fabricators . | . . . . . . . . . . . . . Repair Stations . | . . . . . . . . . . . . . Recycling Units . | . . . . . . . . . . . . . Scanalyzers . | . . . . . . . . . . . . . Garrison Access . | . . . . . . . . . . . . . Data Cores Recovered 1 | . 1 . . . . . . . . . . . Used . | . . . . . . . . . . . . . Hacking Detections 23 | . 4 7 5 6 . . . 1 . . . . Full Trace Events 5 | . . . 5 . . . . . . . . . Feedback Events . | . . . . . . . . . . . . . Feedback Blocked . | . . . . . . . . . . . . . Robot Schematics Acquired 8 | . . . . . . 3 . . . . 5 . Robots Built . | . . . . . . . . . . . . . Authchips . | . . . . . . . . . . . . . Time . | . . . . . . . . . . . . . Total Robot Build Rating . | . . . . . . . . . . . . . Part Schematics Acquired 24 | . . . . 1 . 14 . . . . 9 . Parts Built . | . . . . . . . . . . . . . Authchips . | . . . . . . . . . . . . . Time . | . . . . . . . . . . . . . Total Part Build Rating . | . . . . . . . . . . . . . Part Studies Acquired 6 | . . 2 3 1 . . . . . . . . Parts Repaired . | . . . . . . . . . . . . . Time . | . . . . . . . . . . . . . Parts Recycled . | . . . . . . . . . . . . . Recycled Matter . | . . . . . . . . . . . . . Retrieved Matter . | . . . . . . . . . . . . . Retrieved Components . | . . . . . . . . . . . . . Parts Scanalyzed . | . . . . . . . . . . . . . Part Schematics Acquired . | . . . . . . . . . . . . . Parts Damaged . | . . . . . . . . . . . . . Bothacking | -11 -10 -9 -8 -7 -7 -7 -6 -6 -6 -6 -6 -5 ------------ Run | Yrd Mat Mat Mat Fac Low Zio Pro Fac Low Low Dat Pro Used RIF Installer . | . . . . . . . . . . . . . Robots Hacked . | . . . . . . . . . . . . . Non-combat . | . . . . . . . . . . . . . Combat . | . . . . . . . . . . . . . Robot Hacks Applied . | . . . . . . . . . . . . . Relay Couplers Released 1 | . . . . . . . . 1 . . . . Machine Destruction 1 | . . . . . . . . 1 . . . . Fabnet Peak Effective % . | . . . . . . . . . . . . . Robots Rewired 2 | . . . . . . . 2 . . . . . Allies Hacked . | . . . . . . . . . . . . . Hacks Repelled . | . . . . . . . . . . . . . Allies | -11 -10 -9 -8 -7 -7 -7 -6 -6 -6 -6 -6 -5 -------- Run | Yrd Mat Mat Mat Fac Low Zio Pro Fac Low Low Dat Pro Total Allies 11 | . . 1 . 1 . 6 2 . . . . 1 Largest Group 7 | . . 1 1 1 1 7 7 . . . . 1 Highest-Rated Group 214 | . . 10 10 17 17 214 214 . . . . 96 Highest-Rated Ally 96 | . . 10 10 17 17 41 41 . . . . 96 Total Orders . | . . . . . . . . . . . . . Ally Attacks 61 | . . . . . . . 46 . . . . 15 Total Damage 1789 | . . . . . . . 1176 . . . . 613 Kills 9 | . . . . . . . 9 . . . . . Allies Corrupted . | . . . . . . . . . . . . . Allies Melted . | . . . . . . . . . . . . . Intel | -11 -10 -9 -8 -7 -7 -7 -6 -6 -6 -6 -6 -5 ------- Run | Yrd Mat Mat Mat Fac Low Zio Pro Fac Low Low Dat Pro Active Infowar (turns) . | . . . . . . . . . . . . . Robot Analysis Total 4 | . . 2 . 2 . . . . . . . . Derelict Logs Recovered 6 | . . . . . 1 1 2 . 2 . . . Drone Launches . | . . . . . . . . . . . . . Drone Recoveries . | . . . . . . . . . . . . . Zionite Intel Received 2 | . . . . . . . . 2 . . . . Branch Access 1 | . . . . . . . . 1 . . . . Depthwide Sectors/0 1 | . . . . . . . . 1 . . . . Exploration | -11 -10 -9 -8 -7 -7 -7 -6 -6 -6 -6 -6 -5 ------------- Run | Yrd Mat Mat Mat Fac Low Zio Pro Fac Low Low Dat Pro Turns Passed 17344 | 52 747 2186 2326 2170 694 1258 1336 1327 751 915 981 2601 Spaces Moved 7910 | 42 525 986 1058 1079 506 900 750 782 437 523 90 232 Core 343 | 4 . . 4 . . . . . . 13 90 232 Treads 111 | . . 111 . . . . . . . . . . Legs 217 | . . . 32 185 . . . . . . . . Wheels 7239 | 38 525 875 1022 894 506 900 750 782 437 510 . . Hover . | . . . . . . . . . . . . . Flight . | . . . . . . . . . . . . . Fastest Speed 50 | 50 95 105 95 95 130 130 130 100 115 115 1100 100 Average Speed 167 | 88 101 146 115 139 130 130 130 117 115 152 1100 1091 Slowest Speed 1200 | 95 140 400 1000 330 130 130 130 145 115 1200 1100 1150 Overloaded Moves . | . . . . . . . . . . . . . Propulsion Burnouts . | . . . . . . . . . . . . . Robots Hopped . | . . . . . . . . . . . . . Potential Cave-ins 12 | . . . . . . . . 12 . . . . Cave-ins Triggered 1 | . . . . . . . . 1 . . . . Exploration Rate (%) 59 | 3 75 84 76 35 63 88 86 21 76 65 74 29 Regions Visited 12 Branch Regions 7 Pre-discovered Areas 11 | . . . . . . 4 . 6 . . 1 . Known Exits Taken 3 | . . . . 1 . . . 1 1 . . . Unknown Exits Taken 9 | 1 1 1 1 . 1 1 1 . . 1 1 . Scrap Searched 15 | . . . . . 3 4 1 . 3 2 . 2 Spaces Dug 40 | . . 4 . 5 . . . 31 . . . . Terrain Destroyed 309 | . . 4 . 5 27 . 78 65 87 30 . 13 Melee 40 | . . 4 . 5 . . . 31 . . . . Projectile 1 | . . . . . . . . . . . . 1 AOE 268 | . . . . . 27 . 78 34 87 30 . 12 Terrain Rammed . | . . . . . . . . . . . . . Walls Destroyed . | . . . . . . . . . . . . . Machines Disabled . | . . . . . . . . . . . . . Actions | -11 -10 -9 -8 -7 -7 -7 -6 -6 -6 -6 -6 -5 --------- Run | Yrd Mat Mat Mat Fac Low Zio Pro Fac Low Low Dat Pro Total 11167 | 57 693 1542 1917 1675 534 988 1069 1077 661 588 90 276 Wait 2252 | . 127 347 602 452 15 77 265 145 200 12 . 10 Move 7898 | 41 524 985 1057 1078 505 899 749 781 436 522 89 232 Hop . | . . . . . . . . . . . . . Pick Up 163 | 10 10 40 31 35 3 5 5 16 3 4 . 1 Fast Attach 2 | . . . . . . . . . 1 . . 1 Attach 99 | 5 1 19 20 11 1 . 4 17 4 9 . 8 Detach 6 | . . . 1 1 . . . 3 1 . . . Swap 53 | . 2 15 17 8 1 1 2 4 1 1 1 . Drop 90 | 1 2 25 20 24 1 4 4 7 1 1 . . Fire 167 | . 26 77 12 3 7 1 9 4 4 2 . 22 Melee 403 | . . 34 155 47 . 1 17 100 10 37 . 2 Ram 4 | . 1 . 2 . . . 1 . . . . . Kick . | . . . . . . . . . . . . . Crush . | . . . . . . . . . . . . . Escape Stasis 16 | . . . . 16 . . . . . . . . Rewire 13 | . . . . . 1 . 12 . . . . . Trap 1 | . . . . . . . 1 . . . . . Miscellaneous . | . . . . . . . . . . . . . Route ------- -11/Scrapyard -10/Materials (discovered 3 exits: *Mat x2 / [*Min]) -9/Materials (discovered 4 exits: *Mat x3 / [*Min]) -8/Materials (discovered 2 exits: *Fac x2) -7/Factory (discovered 3 exits: *Fac / *Low x2) -7/Lower Caves (discovered 2 exits: [*Low] / [*Zio]) -7/Zion -6/Proximity Caves -6/Factory (discovered 3 exits: Fac / *Low x2) -6/Lower Caves -6/Lower Caves -6/Data Miner -5/Proximity Caves History --------- Turn | Location | Event 14 | -11/Scrapyard | Discovered new exit (range 15) 53 | -11/Scrapyard | Entered Materials 202 | -10/Materials | Discovered new exit (range 6) 272 | -10/Materials | Discovered new exit (range 13) 321 | -10/Materials | Build established: Mutant 764 | -10/Materials | Discovered new exit (range 16) 800 | -10/Materials | Entered another Materials area 800 | -9/Materials | Evolved 2 slots: Utility x1, Weapon x1 1047 | -9/Materials | Destroyed 7 combat bots 1251 | -9/Materials | Discovered new exit (range 9) 1299 | -9/Materials | Build established: Scavenger-Tank 1568 | -9/Materials | Discovered new exit (range 12) 1979 | -9/Materials | Central database locked down 2155 | -9/Materials | Core integrity fell below 50% 2265 | -9/Materials | Build established: Scavenger-Mutant 2595 | -9/Materials | Discovered new exit (range 12) 2844 | -9/Materials | Build established: Mutant 2902 | -9/Materials | Discovered new exit (range 3) 2986 | -9/Materials | Entered another Materials area 2986 | -8/Materials | Accompanied by 1 ally 2986 | -8/Materials | Evolved 2 slots: Propulsion x1, Utility x1 3885 | -8/Materials | Discovered new exit (range 16) 3996 | -8/Materials | Lost 3 parts (1p1u1w) 4347 | -8/Materials | Discovered new exit (range 11) 4986 | -8/Materials | First assault squad dispatched 4994 | -8/Materials | Lost 3 parts (3n) 5202 | -8/Materials | Build established: Hacker-Mutant 5312 | -8/Materials | Entered Factory 5312 | -7/Factory | Evolved 2 slots: Utility x2 6035 | -7/Factory | Discovered new exit (range 13) 6148 | -7/Factory | Identified exit to Lower Caves 6191 | -7/Factory | Central database locked down 6558 | -7/Factory | Discovered new exit (range 15) 7329 | -7/Factory | Allied Derelicts emerged from ambush trap array 7482 | -7/Factory | Entered Lower Caves 7482 | -7/Lower Caves | Accompanied by 1 ally 7536 | -7/Lower Caves | Entered a destroyed Warlord outpost 7730 | -7/Lower Caves | Learned location of 1 exit from Factory 8097 | -7/Lower Caves | Encountered a Warlord checkpoint 8171 | -7/Lower Caves | Discovered new exit (range 4) 8173 | -7/Lower Caves | A Derelict revealed a hidden shortcut to a safe place 8176 | -7/Lower Caves | Entered Zion 8176 | -7/Zion | Accompanied by 1 ally 8236 | -7/Zion | Found CR-A16's Pointy Stick 8255 | -7/Zion | System corruption cleaned by Quarantine Array 8289 | -7/Zion | Learned location of Data Miner (-6) 8307 | -7/Zion | Learned Factory emergency access door positions 8311 | -7/Zion | Learned location of Quarantine (-3) 8485 | -7/Zion | Met Imprinter 8507 | -7/Zion | Imprinted 8510 | -7/Zion | Declared Zion's savior 8602 | -7/Zion | Learned Factory emergency access door positions 8736 | -7/Zion | Given the Hacking Drone Bay 8738 | -7/Zion | Found Prototype Device 8974 | -7/Zion | Gained Derelict followers 9404 | -7/Zion | Discovered new exit (range 9) 9434 | -7/Zion | Entered Proximity Caves 9434 | -6/Proximity Caves | Accompanied by 7 allies 9615 | -6/Proximity Caves | Received a Behemoth hack from an annoying Tinkerer 9764 | -6/Proximity Caves | Lost 3 allies 9893 | -6/Proximity Caves | Learned Factory machine intel 9940 | -6/Proximity Caves | Learned Factory garrison access intel 10138 | -6/Proximity Caves | Attracted the attention of an 0b10 outpost 10178 | -6/Proximity Caves | Core integrity fell below 50% 10192 | -6/Proximity Caves | Lost 3 allies 10258 | -6/Proximity Caves | Lost 5 parts (1n1u3w) 10582 | -6/Proximity Caves | Spotted B-75 Beast 10680 | -6/Proximity Caves | Core integrity fell below 20% 10765 | -6/Proximity Caves | Discovered new exit (range 5) 10770 | -6/Proximity Caves | Entered Factory 10770 | -6/Factory | Evolved 2 slots: Utility x2 10771 | -6/Factory | Identified exit to Factory 10773 | -6/Factory | Loaded intel: 301 machine locations 10774 | -6/Factory | Loaded intel: 4 garrison access locations 11369 | -6/Factory | Retrieved Zion intel report: Depthwide Sectors/-6 11413 | -6/Factory | Discovered new exit (range 9) 11465 | -6/Factory | Retrieved Zion intel report: Branch Access 11465 | -6/Factory | Identified exit to Lower Caves 11501 | -6/Factory | Build established: Hacker-Gladiator 11534 | -6/Factory | Cargo convoy interrupted 11787 | -6/Factory | Found Hvy. Reflective Plating 12089 | -6/Factory | Crushed by falling debris 12097 | -6/Factory | Entered Lower Caves 12139 | -6/Lower Caves | Lost 4 parts (1p2u1w) 12378 | -6/Lower Caves | Build established: Mutant 12522 | -6/Lower Caves | Identified exit to Lower Caves 12656 | -6/Lower Caves | Learned Factory stockpile data 12848 | -6/Lower Caves | Entered another Lower Caves area 13062 | -6/Lower Caves | Attracted the attention of an 0b10 checkpoint 13536 | -6/Lower Caves | Discovered new exit (range 7) 13544 | -6/Lower Caves | Ambushed by wild Derelicts 13647 | -6/Lower Caves | Lost 9 parts (2p2n5u) 13763 | -6/Lower Caves | Entered Data Miner 13765 | -6/Data Miner | Discovered new exit (range 6) 13898 | -6/Data Miner | Build established: Gladiator 13974 | -6/Data Miner | Met Data Miner 14315 | -6/Data Miner | Learned location of Section 7 (-2) 14315 | -6/Data Miner | Acquired the access code to Warlord's prototype stash 14491 | -6/Data Miner | Received God Mode back door access code from Data Miner 14744 | -6/Data Miner | Entered Proximity Caves 14747 | -5/Proximity Caves | Spotter reported a threat 14843 | -5/Proximity Caves | Spotter reported a threat 14853 | -5/Proximity Caves | Core integrity fell below 50% 14884 | -5/Proximity Caves | Lost 5 parts (1p1u3w) 15002 | -5/Proximity Caves | Spotter reported a threat 15133 | -5/Proximity Caves | Build established: Mutant 15143 | -5/Proximity Caves | Spotter reported a threat 15594 | -5/Proximity Caves | Spotter reported a threat 15783 | -5/Proximity Caves | Spotter reported a threat 16192 | -5/Proximity Caves | Spotter reported a threat 16471 | -5/Proximity Caves | Spotter reported a threat 16575 | -5/Proximity Caves | Spotter reported a threat 17264 | -5/Proximity Caves | Spotted B-75 Beast 17276 | -5/Proximity Caves | Escorted by Enhanced Grunt 17321 | -5/Proximity Caves | Lost 6 parts (1p4u1w) 17332 | -5/Proximity Caves | Core integrity fell below 20% 17345 | -5/Proximity Caves | Destroyed by B-75 Beast with Magnetic Acceleration Cannon Last Messages --------------- 17280_ Knocked back. 17283_ Force Field destroyed. 17290_ Hcp. Storage Unit destroyed. 17290_ Prc. Beam Rifle destroyed. 17290_ Lgt. Angular Momentum Engine destroyed. 17305_ Enhanced Grunt knocked back. 17321_ Enhanced Grunt destroyed. 17324_ Knocked back. 17327_ Thermal Shield destroyed. 17327_ Core Analyzer destroyed. 17327_ Critical hit (Blast). 17327_ Knocked back. 17328_ Acquired 2 matter. 17331_ Knocked back. 17334_ Ripper destroyed. 17336_ Searching scrap... 17336_ Found Magnetic Acceleration Cannon. 17336_ Found 43 Matter. 17337_ Acquired 3 matter. 17340_ Acquired Magnetic Acceleration Cannon. Map ----- +----------------------------------------------------+ | ?????????????????????????????????????????????????? | | ?????????????????????????????????????????????????? | | ?????????????????????????????????????????????????? | | ?????????????????????????????????????????????????? | | ?????????????????????????????????????????????????? | | ?????????????????????????????????????????????????? | | ?????????????????????????????????????????????????? | | ?????????????????????????????????????????????????? | | ?????????????????????????????????????????????????? | | ?????????????????????????????????????????????????? | | ?????????????????????????????????????????????????? | | ??????????????????????????? ?????????????????????? | | ???????????????????#??????? ?????????????????????? | | ??????????????????## ?????? ?????????????????????? | | ??????????????????? ###### ?????????????????????? | | ???????????????????# #?????????????????????? | | ??????#????????????# #?????????????????????? | | ??#### ?? ####????# #?????????????????????? | | ?## ?? ##???? #?????????????????????? | | ## ???? ##???? ##????????????????????? | | # ?????? ##???? ##???????????????????? | | #??????# #????? ????#???????????????? | | #??###?# #?????## % #??? ##??????????????? | | # #### ### #?????#;BB;;#?? #??????????????? | | # ## ########BB #? #??????????????? | | # ## ##; @% # ???????????????? | | %" #;;; ;#???????????????????? | | ;;%] ;#???????????????????? | | %!%=% #??????????????????? | | ## %! ## #?????????????????? | | ### % #?#?????????????????? | | ##?# ! #???????????????????? | | #??### ## % #???????????????????? | | #????## ## ##### ???????????????? | | #?###?## ### #####??? #??????????????? | | ### ######?# ##????? ##??????????????? | | ##??# ##??? ##???????????????? | | #??# #???# #????????????????? | | # ## #??# # #??# ## ;###????????????????? | | ## ######??# %## #?# ?## ###??????????????????? | | ?###???????#[ #?# #?# ???#;#????????????????????? | | ??# ?????## #??###?# ????##????????????????????? | | ### #### #??????# ??????????????????????????? | | #??????#???????????????????????????? | | ??# ##??????????????????????????????????? | | ??##### ##???????????????????????????????????? | | ??????## ##????????????????????????????????????? | | ???????#####?????????????????????????????????????? | | ?????????????????????????????????????????????????? | | ?????????????????????????????????????????????????? | +----------------------------------------------------+ Best States ------------- Heat Dissipation 53 Energy Generation 21 Energy Capacity 315 Matter Stores 300 Matter Capacity 300 Sight Range 16 Terrain Scan Density 10 Armor Coverage 1200 Resistance: KI 30 Resistance: TH 20 Melee Speed Boost 20 Evasion (%) 41 Melee Accuracy 6 Core Analysis 6 Recoil Reduction 2 Force Boost 20 Offensive Hacking 30 Defensive Hacking 10 Item Schematics ----------------- Arm. Huge Wheel | -7/Factory | Hacked Greatsword | -7/Zion | Archive Lgt. Angular Momentum Engine | -7/Zion | Archive Imp. Melee Analysis Suite | -7/Zion | Archive Imp. Actuator Array | -7/Zion | Archive Xenon Bombardment Thruster | -7/Zion | Archive Angular Momentum Engine | -7/Zion | Archive Disruptor Cannon | -7/Zion | Archive Imp. Trap Extractor | -7/Zion | Archive Plasma Rifle | -7/Zion | Archive Enh. Optical Array | -7/Zion | Archive Imp. Titanium Leg | -7/Zion | Archive Imp. Deuterium Engine | -7/Zion | Archive IFF Parser | -7/Zion | Archive Tiamat Missile Launcher | -7/Zion | Archive Graphene Brace | -6/Data Miner | Free Force Lance | -6/Data Miner | Free Imp. Cloaking Device | -6/Data Miner | Free Imp. Antigrav System | -6/Data Miner | Free Neutron Cannon | -6/Data Miner | Free Exp. Heat Sink | -6/Data Miner | Free Lgt. Regenerative Plating | -6/Data Miner | Free Cld. Gravmag System | -6/Data Miner | Free Combat Drone Bay | -6/Data Miner | Free Robot Schematics ------------------ L-41 Fighter | -7/Zion | Archive R-06 Scavenger | -7/Zion | Archive G-47 Trooper | -7/Zion | Archive L-61 Swordsman | -6/Data Miner | Free R-10 Processor | -6/Data Miner | Free Y-64 Sentinel | -6/Data Miner | Free A-15 Conveyor | -6/Data Miner | Free B-60 Warrior | -6/Data Miner | Free Fabricated ------------ Nothing Repaired ---------- Nothing Studied --------- Wheel | -9/Materials | Hacked Autogun | -9/Materials | Hacked Katana | -8/Materials | Hacked Lgt. Nuclear Core | -8/Materials | Hacked Arm. Wheel | -8/Materials | Hacked Chainsword | -7/Factory | Hacked Alien Tech Used ----------------- None Achievements -------------- Ambidextrous Challenges ------------ None Game ------ Seed HypercooledNetworkedGun Manual? 0 Play Time 01:32:03 Cumulative 69.4 hours Start 2025.12.08 @ 04:00:54 End 2025.12.08 @ 05:35:28 Sessions 2 Manual Loads 0 Difficulty Rogue Special Mode None Game No. 175 Rogue 175 Adventurer 0 Explorer 0 Win Type - Total 0 Types 0/0/0/0/0/0/0/0/0/0 Lore% 34 Gallery% 37 Achievement% 29 Wizard Run 0 Options --------- Layout 1 ASCII 0 Keyboard 0 Movement Numpad Keybinds 0 Fullscreen 2 Font 24/Smallcaps Map View 50x35 Zoom Use 0% Tactical HUD 1 Map Filters NONE Filters NONE Steam 1 RUN: 6fd4caa5-ca34-43eb-9064-39de485f6e3c